 Dungeon Crawl Stone Soup version 0.28.0-45-g0d030f2227 (webtiles) character file.

Game seed: 7669406556351927016

46 zeratav the Insei (level 3, -2/24 HPs)
             Began as an Octopode Transmuter on Apr 8, 2022.
             Slain by a phantom (5 damage)
             ... on level 2 of the Dungeon.
             The game lasted 00:02:49 (1884 turns).

zeratav the Insei (Octopode Transmuter)             Turns: 1884, Time: 00:02:50

Health: -2/24      AC:  1    Str:  9    XL:     3   Next: 68%
Magic:  6/6        EV: 13    Int: 15    God:
Gold:   76         SH:  0    Dex: 14    Spells: 5/6 levels left

rFire   . . .      SeeInvis .     - Unarmed
rCold   . . .      Faith    .   (no shield)
rNeg    . . .      Spirit   .   (helmet restricted)
rPois   .          Reflect  .   (no amulet)
rElec   .          Harm     .   g - ring of wizardry
rCorr   .          Rampage  .   h - ring of willpower
Will    +....                   (no ring)
Stlth   +++.......              (no ring)
HPRegen 0.08/turn               (no ring)
MPRegen 0.10/turn               (no ring)
                                (no ring)
                                (no ring)

@: no status effects
A: almost no armour, amphibious, 8 rings, camouflage 1, gelatinous body 1,
(nimble swimmer 1), tentacles
a: no special abilities


You were on level 2 of the Dungeon.
You visited 1 branch of the dungeon, and saw 2 of its levels.

You collected 76 gold pieces.


Innate Abilities, Weirdness & Mutations

You cannot wear most types of armour.
You are amphibious.
You can wear up to eight rings at the same time.
Your skin changes colour to match your surroundings (Stealth+).
Your rubbery body absorbs attacks. (AC +1, EV +1)
((You are camouflaged when in or above water. (Stealth+)))
You have tentacles for arms and can constrict up to eight enemies at once.


   Skills:
 + Level 1.7 Fighting
 + Level 2.4 Dodging
 + Level 1.9 Stealth
 * Level 3.6 Unarmed Combat
 - Level 2.0 Spellcasting
 - Level 2.0 Transmutations


You had 5 spell levels left.
You knew the following spells:

 Your Spells              Type           Power      Damage    Failure   Level
a - Beastly Appendage     Tmut           14%        N/A       4%          1

Your spell library contained the following spells:

 Spells                   Type           Power      Damage    Failure   Level
 Wereblood                Tmut           7%         N/A       6%          2
 Spider Form              Tmut/Pois      4%         N/A       17%         3
 Ignite Poison            Fire/Tmut/Pois 3%         N/A       21%         3
 Conjure Flame            Conj/Fire      1%         6-21      26%         3
 Ice Form                 Ice/Tmut       4%         N/A       47%         4
 Sticky Flame             Conj/Fire      1%         2d3       61%         4

Inventory:

Jewellery
 g - a ring of wizardry (left tentacle)
   (You found it on level 2 of the Dungeon)
 h - a ring of willpower (right tentacle)
   (You found it on level 2 of the Dungeon)
Scrolls
 b - a scroll of noise {unknown}
 f - a scroll of enchant weapon {unknown}
 j - a scroll of fear {unknown}
Potions
 a - a potion of mutation {unknown}
 c - a potion of curing {unknown}
 d - a potion of degeneration {unknown}
 e - 4 potions of heal wounds {unknown}
 i - 2 potions of lignification {unknown}

Dungeon Overview and Level Annotations

Branches:
Dungeon (2/15)

Altars:
Yredelemnul

........#............#
##...
##.#....#............#
#...
#.###.##............#
#... #.#
.##............# #.).
$# ##............#
#... #.............#
#... #..[..........#
#### #.............#
######
#..........@....#
#....'
#####.#####W#####
#.#### ...#####.##
#.#... #####...S..#
#.#... #.......#
#.#... #..S....#
#.#... ##'#######
#.#... #......# ####..
#......# #..


You could see a phantom and a ball python.


Message History

The ball python misses you.
You barely miss the ball python. You squeeze the ball python.
You kill the ball python!
HP[-2]
You take 2 damage, and now have 13/24 hp.
The dart slug launches a dart at you. The slug dart hits you.
* * * LOW HITPOINT WARNING * * *
The dart slug misses you.
HP[-2]
You take 2 damage, and now have 11/24 hp.
You tentacle-slap the dart slug. You grab the dart slug.
You constrict the dart slug. The dart slug launches a dart at you.
The slug dart hits you.
* * * LOW HITPOINT WARNING * * *
HP[-4]
You take 4 damage, and now have 7/24 hp.
You completely miss the dart slug. You squeeze the dart slug.
You constrict the dart slug, but do no damage.
You tentacle-slap the dart slug.
You kill the dart slug!
No target in view!
No target in view!
No target in view!
No target in view!
No target in view!
No target in view!
No target in view!
No target in view!
No target in view!
You now have 55 gold pieces (gained 10).
You see here a bat skeleton.
HP[+17]
Your hp is fully restored (24).
You now have 63 gold pieces (gained 8).
You now have 76 gold pieces (gained 13).
i - 2 smoky yellow potions You open the door.
There is an open door here.
j - a scroll labelled KIAHYAST XAOJA You open the door.
A phantom comes into view.
One of your tentacles grows a vicious spike.
MP[-1]
You lost 1 mp, and now have 5/6 mp.
There is an open door here.
The helpless phantom fails to defend itself.
You tentacle-slap the phantom but do no damage.
Your squeeze misses the phantom. You closely miss the phantom.
You pierce the phantom, but do no damage.
The phantom barely misses you.
You closely miss the phantom. Your squeeze misses the phantom.
The phantom hits you.
HP[-6]
You take 6 damage, and now have 18/24 hp.
MASSIVE DAMAGE!! (PAUSE)
You barely miss the phantom.
You pierce the phantom, but do no damage.
Your squeeze misses the phantom.
Your transformation is almost over.
The phantom hits you.
HP[-2]
You take 2 damage, and now have 16/24 hp.
You tentacle-slap the phantom but do no damage.
Your tentacle spike misses the phantom.
The phantom hits you!
* * * LOW HITPOINT WARNING * * *
The phantom blinks!
You blink.
A ball python comes into view.
HP[-8]
You take 8 damage, and now have 8/24 hp.
MASSIVE DAMAGE!! (PAUSE)
You tentacle-slap the phantom.
You pierce the phantom.
The ball python hisses angrily.
The phantom closely misses you.
You tentacle-slap the phantom. Your squeeze misses the phantom.
The phantom closely misses you.
MP[+1]
Your mp is fully restored (6).
You tentacle-slap the phantom. You squeeze the phantom. The phantom hits you.
* * * LOW HITPOINT WARNING * * *
The phantom blinks!
You blink.
Found a stone staircase leading down.
HP[-3]
You take 3 damage, and now have 5/24 hp.
The phantom closely misses you.
There is an open door here.
HP[+1]
Your tentacle spike disappears.
The phantom hits you.
* * * LOW HITPOINT WARNING * * *
HP[-3]
You take 3 damage, and now have 3/24 hp.
There is an open door here.
There's a creature in the doorway!
You completely miss the phantom. The phantom hits you.
You die...

Skill      XL: |  1  2 |
---------------+-------+-----
Stealth        | 1 |  1.9
Fighting       | |  1.7
Dodging        | |  2.4
Unarmed Combat | |  3.6
Spellcasting   | |  2.0
Transmutations | |  2.0

Action                   || total
-------------------------++-------
Melee: Unarmed           ||    69
       Constrict         ||    12
       Tentacles         ||    11
       Kick              ||    12
 Cast: Beastly Appendage ||    18
 Stab: Sleeping          ||     7
Armor: Skin              ||     3
Dodge: Dodged            ||    49

Levels and vault maps discovered:
D:1:      evilmike_arrival_home_sweet_home, layout_basic,
          shapermc_ecumenical_altar_totnotflames
D:2:      layout_basic, basic_altar, corner_web_ring

Notes
Turn   | Place    | Note
-------+----------+-------------------------------------------
     0 | D:1      | zeratav the Octopode Transmuter began the quest for the
                  | Orb.
     0 | D:1      | Reached XP level 1. HP: 13/13 MP: 3/3
     0 | D:1      | magus.rc [v1.9.6]
    26 | D:1      | You add the spells Conjure Flame, Ignite Poison and Sticky
                  | Flame to your library.
   275 | D:1      | Reached XP level 2. HP: 16/18 MP: 3/5
   278 | D:1      | Reached skill level 1 in Stealth
   592 | D:1      | Found a faded altar of an unknown god.
  1017 | D:2      | Reached XP level 3. HP: 7/23 MP: 4/6
  1017 | D:2      | HP: 3/23 [goblin/+0 dagger (4)]
  1606 | D:2      | Found a basalt altar of Yredelemnul.
  1862 | D:2      | Noticed a phantom
  1873 | D:2      | HP: 5/24 [phantom (3)]
  1879 | D:2      | HP: 3/24 [phantom (3)]
  1884 | D:2      | Slain by a phantom

Vanquished Creatures
  An adder (D:2)
  A dart slug (D:2)
  8 ball pythons
  4 endoplasms
  A giant cockroach (D:2)
  6 goblins
  2 hobgoblins
  2 kobolds
  4 bats
  A frilled lizard (D:2)
  2 rats (D:1)
32 creatures vanquished.

Table legend:
 A = Non-vault XP
 B = Vault XP
 C = Vault XP percentage of total XP
 D = Non-vault monster count
 E = Vault monster count
 F = Vault count percentage of total count
                 A         B        C        D         E       F
            +---------+---------+-------+---------+---------+-------
      Total |      67 |       0 |   0.0 |      32 |       0 |   0.0
            +---------+---------+-------+---------+---------+-------
        D:1 |      30 |       0 |   0.0 |      18 |       0 |   0.0
        D:2 |      37 |       0 |   0.0 |      14 |       0 |   0.0
            +---------+---------+-------+---------+---------+-------

Illustrated notes

Table legend:
 A = Kills in this place as a percentage of kills in entire the game.
 B = Kills by you in this place as a percentage of kills by you in the entire game.
 C = Kills by friends in this place as a percentage of kills by friends in the entire game.
 D = Other kills in this place as a percentage of other kills in the entire game.
 E = Experience gained in this place as a percentage of experience gained in the entire game.
 F = Experience gained in this place divided by the number of levels of this place that you have seen.
                   A       B       C       D       E      F
               +-------+-------+-------+-------+-------+----------------------
         Total | 100.0 | 100.0 |   N/A |   N/A | 100.0 |  33.5
       Dungeon | 100.0 | 100.0 |   N/A |   N/A | 100.0 |  33.5
               +-------+-------+-------+-------+-------+----------------------

Table legend: (Time is in decaauts)
 A = Elapsed time spent in this place.
 B = Non-inter-level travel time spent in this place.
 C = Inter-level travel time spent in this place.
 D = Time resting spent in this place.
 E = Time spent auto-exploring this place.
 F = Levels seen in this place.
 G = Mean time per level.
                   A        B        C        D        E       F      G
               +--------+--------+--------+--------+--------+-----+--------+
         Total |   1880 |   1770 |    110 |      0 |   1552 |   2 |  940.0 |
       Dungeon |   1880 |   1770 |    110 |      0 |   1552 |   2 |  940.0 |
               +--------+--------+--------+--------+--------+-----+--------+

Top non-repeatable levels by time:
     D:1: 1031 daAuts
     D:2: 848 daAuts
